 Dungeon Crawl Stone Soup version 0.30-a0-393-g54b8e3be05 (webtiles) character file.

Game seed: 1990600619618905487

7 LnG the Caller (level 2, 0/15 HPs)
             Began as a Kobold Summoner on Dec 5, 2022.
             Slain by a quokka (3 damage)
             ... on level 1 of the Dungeon.
             The game lasted 00:00:48 (117 turns).

LnG the Caller (Kobold Summoner)                     Turns: 117, Time: 00:00:48

Health: 0/15       AC:  2    Str:  5    XL:     2   Next: 10%
Magic:  1/5        EV: 15    Int: 16    God:
Gold:   0          SH:  0    Dex: 15    Spells: 4/5 levels left

rFire   . . .      SeeInvis .    c - +0 dagger
rCold   . . .      Faith    .    (no shield)
rNeg    . . .      Spirit   .    a - +0 robe
rPois   .          Reflect  .    (no helmet)
rElec   .          Harm     .    (no cloak)
rCorr   .          Rampage  .    (no gloves)
Will    .....                    (no boots)
Stlth   +++.......               (no amulet)
HPRegen 0.22/turn                (no ring)
MPRegen 0.09/turn                (no ring)

@: no status effects
A: small, no large weapons, nightstalker 3
a: no special abilities


You were on level 1 of the Dungeon.
You visited 1 branch of the dungeon, and saw 1 of its levels.

Inventory:

Hand Weapons
 c - a +0 dagger (weapon)
Armour
 a - a +0 robe (worn)
Potions
 b - a potion of magic


   Skills:
 * Level 2.8 Dodging
 * Level 3.0 Stealth
 + Level 2.2 Spellcasting
 + Level 4.1 Summonings


You had 4 spell levels left.
You knew the following spells:

 Your Spells              Type           Power      Damage    Failure   Level
a - Summon Small Mammal   Summ           60%        N/A       3%          1

Your spell library contained the following spells:

 Spells                   Type           Power      Damage    Failure   Level
 Call Imp                 Summ           15%        N/A       5%          2
 Call Canine Familiar     Summ           15%        N/A       11%         3
 Magic Dart               Conj           4%         1d3       21%         1
 Summon Guardian Golem    Hex/Summ       8%         N/A       26%         3
 Mephitic Cloud           Conj/Pois/Air  1%         N/A       52%         3
 Summon Lightning Spire   Summ/Air       8%         N/A       65%         4


Dungeon Overview and Level Annotations

Branches:
Dungeon (1/15)

Altars:


Innate Abilities, Weirdness & Mutations

You are small and have problems with some larger weapons.
You are completely attuned to the shadows.


Message History

The goblin is severely wounded.
Your bat hits the quokka but does no damage.
The goblin hits you with a +0 club.
The quokka bites you but does no damage.
Your bat closely misses the quokka.
Your rat bites the goblin.
You hit the goblin but do no damage.
The goblin is almost dead.
Your bat hits the quokka but does no damage.
The quokka closely misses you. The goblin misses you.
Your rat closely misses the goblin.
You hit the goblin.
You kill the goblin!
Your bat hits the quokka but does no damage.
The quokka misses you.
Your Stealth skill increases to level 3!
Unknown command.
The quokka attacks as you move away! The quokka bites you.
Your bat hits the quokka but does no damage.
The quokka bites your rat.
Your rat dies!
Your rat's corpse disappears in a puff of smoke!
Unknown command.
Your bat barely misses the quokka.
The quokka completely misses you.
Your bat barely misses the quokka.
Casting: Summon Small Mammal (safe; 3% risk of failure)
Confirm with . or Enter, or press ? or * to list all spells.
Your bat barely misses the quokka.
Your bat hits the quokka. The kobold hits you with a +0 whip.
The quokka closely misses you.
Your bat barely misses the quokka.
Unknown command.
You barely miss the quokka.
The quokka is moderately wounded.
Your bat completely misses the quokka.
The quokka completely misses you. The kobold hits you with a +0 whip.
* * * LOW HITPOINT WARNING * * *
Your rat bites the quokka.
You closely miss the quokka.
The quokka is severely wounded.
Your bat closely misses the kobold.
The quokka bites you.
You die...

#.# #.#..##♣♣♣.
#.###.#..# ♣⌠
#.#...#..♣♣♣♣♣.
#b#.#.......⌠.<
#.
#........♣♣♣♣♣.
#.#####.......#
♣⌠
##.....#.......#
♣.
#...............
..
....@rr†........
...b.K†>......
.........?....
.......(.....
............


You could see a quokka (ally target), a kobold, a friendly bat (summoned) and a
friendly rat (summoned).

Vanquished Creatures
  A giant cockroach (D:1)
  2 goblins (D:1)
3 creatures vanquished.

Vanquished Creatures (collateral kills)
  A goblin (D:1)
  A quokka (D:1)
  A rat (D:1)
3 creatures vanquished.

Grand Total: 6 creatures vanquished

Notes
Turn   | Place    | Note
-------+----------+-------------------------------------------
     0 | D:1      | LnG the Kobold Summoner began the quest for the Orb.
     0 | D:1      | Reached XP level 1. HP: 10/10 MP: 3/3
   106 | D:1      | Reached XP level 2. HP: 15/15 MP: 3/5
   117 | D:1      | Slain by a quokka

Illustrated notes

Levels and vault maps discovered:
D:1:      scummos_arrival_forest, layout_rooms

Skill      XL: |  1  2 |
---------------+-------+-----
Stealth        | 3 |  3.0
Dodging        | |  2.8
Spellcasting   | |  2.2
Summonings     | |  4.1

Action                   || total
-------------------------++-------
Melee: Unarmed           ||     9
       Dagger            ||    11
 Cast: Summon Small Mamm ||     9
 Stab: Distracted        ||     2
Armor: Robe              ||     3
Dodge: Dodged            ||    16

Table legend: (Time is in decaauts)
 A = Elapsed time spent in this place.
 B = Non-inter-level travel time spent in this place.
 C = Inter-level travel time spent in this place.
 D = Time resting spent in this place.
 E = Time spent auto-exploring this place.
 F = Levels seen in this place.
 G = Mean time per level.
                   A        B        C        D        E       F      G
               +--------+--------+--------+--------+--------+-----+--------+
         Total |    116 |    116 |      0 |      0 |     65 |   1 |  116.0 |
       Dungeon |    116 |    116 |      0 |      0 |     65 |   1 |  116.0 |
               +--------+--------+--------+--------+--------+-----+--------+

Top non-repeatable levels by time:
     D:1: 116 daAuts
